details: 'ne vs human long game'

« prev index next »

General information

Mini Map

Players

team 1
HumanCaught[hOpe] (orange | 220 APM | 5536 actions | 25:10)
Hero icon 6 Archmage
Ability icon 3 Summon Water Elemental
Ability icon 2 Brilliance Aura
Ability icon 1 Mass Teleport
Hero icon 6 Naga Sea Witch
Ability icon 3 Frost Arrows
Ability icon 2 Forked Lightning
Ability icon 1 Tornado

» actions
Assign group hotkey94
Basic commands453
Build / train96
ESC pressed2
Enter build submenu23
Enter hero's abilities submenu12
Give item / drop item3
Right click2013
Select / deselect453
Select group hotkey2273
Use ability114
5536 total
» units
Peasant12
Footman6
Forest Troll Shadow Priest1
Forest Troll Berserker1
Rifleman13
Priest10
Sorceress9
52 total
» upgrades
Defend1
Masonry1
Long Rifles1
Gunpowder1
Lumber Harvesting1
Priest Training1
6 total
» buildings
Altar of Kings2
Scout Tower3
Barracks1
Farm9
Keep6
Arcane Vault1
Lumber Mill1
Blacksmith1
Arcane Sanctum1
Town Hall1
26 total
» build order
00:06 Altar of Kings
00:07 Scout Tower
00:08 Altar of Kings
00:19 Barracks
00:34 Farm
01:04 Farm
01:33 Farm
01:36 Farm
03:01 Farm
03:44 Keep
03:44 Keep
03:45 Keep
03:45 Keep
04:01 Arcane Vault
04:24 Lumber Mill
04:26 Blacksmith
04:39 Farm
07:23 Farm
07:50 Arcane Sanctum
08:32 Farm
10:13 Farm
12:48 Town Hall
12:50 Scout Tower
12:54 Scout Tower
» items
Dust of Appearance1
Potion of Healing4
Scroll of Regeneration2
Boots of Speed2
Scroll of Healing2
Scroll of Town Portal2
13 total
team 2
NightElfLW-Stupidus (red | 81 APM | 2033 actions | 25:12)
Hero icon 6 Dark Ranger
Ability icon 3 Black Arrow
Ability icon 1 Life Drain
Ability icon 1 Silence
Ability icon 1 Charm
Hero icon 5 Naga Sea Witch
Ability icon 2 Frost Arrows
Ability icon 3 Forked Lightning

» actions
Assign group hotkey63
Basic commands203
Build / train85
ESC pressed3
Enter build submenu20
Enter hero's abilities submenu11
Right click862
Select / deselect426
Select group hotkey264
Use ability96
2033 total
» units
Wisp26
Archer11
Huntress3
Forest Troll Shadow Priest1
Dryad6
Ogre Mauler1
Druid of the Claw11
Chimaera3
62 total
» upgrades
Improved Bows1
Abolish Magic1
Druid of the Claw Training2
Strength of the Wild1
Nature's Blessing1
6 total
» buildings
Moon Well6
Ancient of War2
Altar of Elders1
Hunter's Hall1
Tree of Ages1
Ancient of Lore2
Tree of Life3
Tree of Eternity1
Ancient of Wind1
Chimaera Roost2
20 total
» build order
00:16 Moon Well
00:20 Ancient of War
00:38 Altar of Elders
01:48 Ancient of War
02:12 Moon Well
02:56 Hunter's Hall
03:22 Moon Well
05:22 Tree of Ages
06:39 Moon Well
07:48 Ancient of Lore
07:53 Ancient of Lore
09:28 Tree of Life
09:35 Moon Well
11:03 Tree of Eternity
14:48 Moon Well
19:02 Ancient of Wind
19:42 Tree of Life
20:06 Tree of Life
21:44 Chimaera Roost
23:11 Chimaera Roost
» items
Scroll of Town Portal2
2 total